 Dungeon Crawl Stone Soup version 0.29-a0-356-g7bc237e783 (webtiles) character file.

Game seed: 8862064692270447542

1126 dolemite99 the Caller (level 8, 0/58 HPs)
             Began as a Gnoll Summoner on Apr 26, 2022.
             Was an Initiate of Gozag.
             Slain by a two-headed ogre
             ... wielding a +0 giant club
              (18 damage)
             ... on level 5 of the Dungeon.
             The game lasted 00:12:24 (7044 turns).

dolemite99 the Caller (Gnoll Summoner)              Turns: 7044, Time: 00:12:25

Health: 0/58       AC:  7    Str:  7    XL:     8   Next: 35%
Magic:  8/17       EV: 14    Int: 17    God:    Gozag
Gold:   187        SH:  0    Dex: 13    Spells: 3/19 levels left

rFire   . . .      SeeInvis .   a - +0 dagger (venom)
rCold   . . .      Faith    .   (no shield)
rNeg    . . .      Spirit   .   l - +0 robe
rPois   +          Reflect  .   x - +1 helmet
rElec   .          Harm     .   (no cloak)
rCorr   .          Rampage  .   s - +2 pair of gloves {hurl}
Will    .....                   (no boots)
Stlth   +++.......              (no amulet)
HPRegen 0.19/turn               q - ring of poison resistance
MPRegen 0.15/turn               (no ring)

@: no status effects
A: fangs 1, strong nose, distributed training
a: Renounce Religion, Potion Petition, Call Merchant, Bribe Branch


You were on level 5 of the Dungeon.
You worshipped Gozag.
Gozag was aware of your devotion.
You visited 1 branch of the dungeon, and saw 5 of its levels.

You collected 471 gold pieces.
You spent 234 gold pieces at shops.
You paid 50 gold pieces to Gozag.

Inventory:

Hand Weapons
 a - a +0 dagger of venom (weapon)
 b - a +0 hunting sling
 d - a +0 dagger
 f - a +0 rapier
Missiles
 c - 146 stones
 h - 7 boomerangs
 w - 3 javelins (quivered)
 y - 6 poisoned darts
Armour
 l - a +0 robe (worn)
 s - a +2 pair of gloves of hurling (worn)
 x - a +1 helmet (worn)
Jewellery
 i - a +6 ring of intelligence
 q - a ring of poison resistance (left hand)
Scrolls
 e - a scroll of enchant weapon {unknown}
 j - a scroll of fear
 m - 2 scrolls of noise
 n - a scroll of magic mapping {unknown}
 o - 3 scrolls of teleportation {unknown}
 p - 4 scrolls of amnesia
 t - 2 scrolls of fog {unknown}
 v - a scroll of immolation {unknown}
Potions
 g - a potion of haste
 k - 2 potions of lignification
 r - a potion of brilliance {unknown}
 u - a potion of mutation {unknown}


   Skills:
 + Level 3.2 Fighting
 + Level 3.2 Short Blades
 + Level 3.2 Long Blades
 + Level 3.2 Axes
 + Level 3.2 Maces & Flails
 + Level 3.2 Polearms
 + Level 3.2 Staves
 + Level 3.2 Slings
 + Level 3.2 Bows
 + Level 3.2 Crossbows
 + Level 3.2 Throwing
 + Level 3.2 Armour
 + Level 5.6 Dodging
 + Level 5.3 Stealth
 + Level 3.2 Shields
 + Level 3.2 Unarmed Combat
 + Level 6.0 Spellcasting
 + Level 2.6 Conjurations
 + Level 2.6 Hexes
 + Level 7.6 Summonings
 + Level 2.6 Necromancy
 + Level 2.6 Translocations
 + Level 2.6 Transmutations
 + Level 2.6 Fire Magic
 + Level 2.6 Ice Magic
 + Level 2.6 Air Magic
 + Level 2.6 Earth Magic
 + Level 2.6 Poison Magic
 + Level 3.5 Invocations
 + Level 3.2 Evocations


You had 3 spell levels left.
You knew the following spells:

 Your Spells              Type           Power      Damage    Failure   Level
a - Call Canine Familiar  Summ           31%        N/A       1%          3
b - Call Imp              Summ           31%        N/A       1%          2
d - Summon Lightning Spi  Summ/Air       22%        N/A       16%         4
e - Frozen Ramparts       Ice            26%        1d4       13%         3
f - Summon Ice Beast      Ice/Summ       22%        N/A       16%         4

Your spell library contained the following spells:

 Spells                   Type           Power      Damage    Failure   Level
 Summon Small Mammal      Summ           100%       N/A       1%          1
 Freeze                   Ice            52%        1d7       4%          1
 Magic Dart               Conj           52%        1d5       4%          1
 Summon Guardian Golem    Hex/Summ       22%        N/A       4%          3
 Mephitic Cloud           Conj/Pois/Air  13%        N/A       13%         3
 Hailstorm                Conj/Ice       13%        3d5       41%         4
 Ice Form                 Ice/Tmut       13%        N/A       41%         4


Dungeon Overview and Level Annotations

Branches:
Dungeon (5/15)
 Temple: D:4-7

Altars:
Gozag
Vehumet

Shops:
D:5 ::

Annotations:
D:3 3 runed translucent doors, spaghetti's ghost, amateur GnAr
D:5 Sigmund


Innate Abilities, Weirdness & Mutations

You have very sharp teeth.
Your uncanny sense of smell can sniff out nearby items.
Your experience applies equally to all skills.


Message History

The bolt of electricity hits the two-headed ogre!
Your lightning spire shoots out a bolt of lightning at the two-headed ogre!
The bolt of electricity misses the two-headed ogre.
Casting: Summon Lightning Spire (dangerous; 16% risk of failure)
Confirm with . or Enter, or press ? or * to list all spells.
Casting: Frozen Ramparts (dangerous; 13% risk of failure)
Press: ? - help, Dir - look around, f - activate The walls around you are covered in ice.
The two-headed ogre hits your lightning spire with a +0 giant club!!
Your lightning spire is destroyed!
Your lightning spire disappears in a puff of smoke!
You aren't carrying any items that you can evoke.
Unknown command.
Casting: Frozen Ramparts (dangerous; 13% risk of failure)
Confirm with . or Enter, or press ? or * to list all spells.
An electric hum fills the air.
The wall freezes the two-headed ogre.
You hit the two-headed ogre but do no damage.
The two-headed ogre is poisoned.
The two-headed ogre is heavily wounded.
The wall freezes the two-headed ogre.
The two-headed ogre hits you with a +0 giant club!
The two-headed ogre misses you.
You closely miss the two-headed ogre.
You punch the two-headed ogre, but do no damage.
The two-headed ogre is heavily wounded.
The frozen ramparts melt away.
Your lightning spire shoots out a bolt of lightning at the two-headed ogre!
The bolt of electricity hits the two-headed ogre!
You hit the two-headed ogre.
The two-headed ogre looks as sick as possible!
The two-headed ogre is severely wounded.
The two-headed ogre hits you with a +0 giant club! x2
You hit the two-headed ogre but do no damage.
The two-headed ogre looks as sick as possible!
The two-headed ogre is severely wounded.
You barely miss the two-headed ogre. Your bite misses the two-headed ogre.
The two-headed ogre is severely wounded.
The two-headed ogre hits you with a +0 giant club!!
You die...
Your body crumbles into a pile of gold.

....###.....###..#..# .#
#.#.#[#.....#.# ##..##.#
....##'.....'##..#......
...#...#####...# ..#...#
#....#.#..[#.#....≈≈≈≈
##.###.'...#.####.≈# ###
.#...#.#...#.#.....+ ... $
.#.#...#####...#O#≈###≈#
.#..##'.....'##8@#≈≈≈≈≈
.#..#.#.....#.#.####.##
....###.....###...#...########
...#...#...#...#..............
.....#...........##...########
.######.........####.## .##
##.....#### #.# ..# ##...##
#.# ..# ##'## #.#


You could see a two-headed ogre (extremely poisoned, ally target) and a friendly
lightning spire (summoned).

Vanquished Creatures
  A hornet (D:4)
  A scorpion (D:5)
  A hound (D:4)
  3 adders
  A worm (D:2)
  4 endoplasms
  2 giant cockroaches (D:4)
  3 goblins
  A hobgoblin (D:4)
  A jackal (D:4)
  A ball python (D:3)
  3 kobolds (D:4)
  2 rats (D:1)
24 creatures vanquished.

Vanquished Creatures (collateral kills)
  Grinder (D:3)
  2 necrophages (D:4)
  2 scorpions
  2 hounds (D:5)
  A jelly (D:4)
  An orc priest (D:4)
  3 iguanas
  Robin (D:3)
  4 gnolls (D:4)
  2 adders (D:3)
  A white imp (D:5)
  2 worms
  2 dart slugs
  3 orcs (D:4)
  8 ball pythons
  A bat (D:2)
  6 endoplasms
  16 goblins
  7 hobgoblins
  5 jackals
  6 kobolds
  4 quokkas
  3 frilled lizards
  5 rats
88 creatures vanquished.

Vanquished Creatures (others)
  2 fungi (D:3)
  20 plants
22 creatures vanquished.

Grand Total: 134 creatures vanquished

Notes
Turn   | Place    | Note
-------+----------+-------------------------------------------
     0 | D:1      | dolemite99 the Gnoll Summoner began the quest for the Orb.
     0 | D:1      | Reached XP level 1. HP: 13/13 MP: 6/6
   356 | D:1      | Reached XP level 2. HP: 13/19 MP: 4/7
  1181 | D:1      | Learned a level 2 spell: Call Imp
  1205 | D:1      | Reached XP level 3. HP: 23/25 MP: 5/9
  1226 | D:1      | Reached skill level 5 in Spellcasting
  1593 | D:1      | Reached skill level 1 in Invocations
  2086 | D:2      | Reached skill level 1 in Fighting
  2086 | D:2      | Reached skill level 1 in Short Blades
  2086 | D:2      | Reached skill level 1 in Long Blades
  2086 | D:2      | Reached skill level 1 in Axes
  2086 | D:2      | Reached skill level 1 in Maces & Flails
  2086 | D:2      | Reached skill level 1 in Polearms
  2086 | D:2      | Reached skill level 1 in Staves
  2086 | D:2      | Reached skill level 1 in Slings
  2086 | D:2      | Reached skill level 1 in Bows
  2086 | D:2      | Reached skill level 1 in Crossbows
  2086 | D:2      | Reached skill level 1 in Throwing
  2086 | D:2      | Reached skill level 1 in Armour
  2086 | D:2      | Reached skill level 1 in Shields
  2086 | D:2      | Reached skill level 1 in Unarmed Combat
  2086 | D:2      | Reached skill level 1 in Evocations
  2338 | D:2      | Reached XP level 4. HP: 32/32 MP: 7/11
  2349 | D:2      | Learned a level 3 spell: Call Canine Familiar
  2578 | D:2      | Found a faded altar of an unknown god.
  3124 | D:3      | Found a runed translucent gate.
  3125 | D:3      | Noticed a kobold brigand
  3125 | D:3      | Noticed Grinder
  3126 | D:3      | Noticed spaghetti's ghost (amateur GnAr)
  3144 | D:3      | Killed Grinder
  3145 | D:3      | Reached skill level 1 in Conjurations
  3145 | D:3      | Reached skill level 1 in Hexes
  3145 | D:3      | Reached skill level 1 in Necromancy
  3145 | D:3      | Reached skill level 1 in Translocations
  3145 | D:3      | Reached skill level 1 in Transmutations
  3145 | D:3      | Reached skill level 1 in Fire Magic
  3145 | D:3      | Reached skill level 1 in Ice Magic
  3145 | D:3      | Reached skill level 1 in Air Magic
  3145 | D:3      | Reached skill level 1 in Earth Magic
  3145 | D:3      | Reached skill level 1 in Poison Magic
  3145 | D:3      | Reached XP level 5. HP: 38/38 MP: 8/12
  3145 | D:3      | Reached XP level 6. HP: 44/44 MP: 9/14
  3145 | D:3      | Found a runed translucent gate.
  3146 | D:3      | Found a runed translucent gate.
  3650 | D:3      | Found an opulent altar of Gozag.
  3651 | D:3      | Noticed Robin
  3679 | D:3      | Reached skill level 5 in Dodging
  3740 | D:3      | Killed Robin
  4123 | D:3      | Learned a level 4 spell: Summon Lightning Spire
  4247 | D:3      | Became a worshipper of Gozag Ym Sagoz the Greedy
  4779 | D:4      | Noticed a hornet
  4809 | D:4      | Killed a hornet
  4810 | D:4      | Reached XP level 7. HP: 9/51 MP: 6/15
  5548 | D:4      | Reached skill level 5 in Stealth
  5680 | D:4      | Found a radiant altar of Vehumet.
  5789 | D:4      | Reached XP level 8. HP: 57/57 MP: 14/16
  5928 | D:4      | Identified a scroll of acquirement
  5928 | D:4      | Acquired a +2 pair of gloves of hurling
  6217 | D:5      | Entered Level 5 of the Dungeon
  6246 | D:5      | Found Biecemes's Book Shop.
  6255 | D:5      | Learned a level 3 spell: Frozen Ramparts
  6260 | D:5      | Learned a level 4 spell: Summon Ice Beast
  6277 | D:5      | Noticed Sigmund
  6464 | D:5      | Found Ruwompub's Book Shoppe.
  6589 | D:5      | Bought a book of Minor Magic for 234 gold pieces
  6883 | D:5      | Noticed a two-headed ogre
  7044 | D:5      | Slain by a two-headed ogre

Illustrated notes

Levels and vault maps discovered:
D:1:      lemuel_arrival_lava_pool, layout_basic, lexackson_kobold_supper
D:2:      layout_loops_cross, ebering_ecumenical_altar_webs
D:3:      layout_basic, nicolae_gozag_seed_capital,
          gammafunk_ghost_nasty_kobolds, minmay_misc_feat_five, uniq_robin,
          uniq_grinder
D:4:      layout_gridville, fiery_altar_vehumet, portal_sewer_entry_d
D:5:      layout_loops_corners, serial_shops, shop, kennysheep_mini_moat, shop,
          shop, minmay_fractal_squares_diagonal_5, uniq_sigmund

Skill      XL: |  1  2  3  4  5  6  7  8 |
---------------+-------------------------+-----
Spellcasting   | 5 6 |  6.0
Invocations    | 1 2 3 |  3.5
Fighting       | 1 2 3 |  3.2
Short Blades   | 1 2 3 |  3.2
Long Blades    | 1 2 3 |  3.2
Axes           | 1 2 3 |  3.2
Maces & Flails | 1 2 3 |  3.2
Polearms       | 1 2 3 |  3.2
Staves         | 1 2 3 |  3.2
Slings         | 1 2 3 |  3.2
Bows           | 1 2 3 |  3.2
Crossbows      | 1 2 3 |  3.2
Throwing       | 1 2 3 |  3.2
Armour         | 1 2 3 |  3.2
Shields        | 1 2 3 |  3.2
Unarmed Combat | 1 2 3 |  3.2
Evocations     | 1 2 3 |  3.2
Conjurations   | 1 2 |  2.6
Hexes          | 1 2 |  2.6
Necromancy     | 1 2 |  2.6
Translocations | 1 2 |  2.6
Transmutations | 1 2 |  2.6
Fire Magic     | 1 2 |  2.6
Ice Magic      | 1 2 |  2.6
Air Magic      | 1 2 |  2.6
Earth Magic    | 1 2 |  2.6
Poison Magic   | 1 2 |  2.6
Dodging        | 5 |  5.6
Stealth        | 5 |  5.3
Summonings     | |  7.6

Action                   |  1- 3 |  4- 6 |  7- 9 || total
-------------------------+-------+-------+-------++-------
Melee: Dagger            |    27 |    33 |    42 ||   102
       Unarmed           |     2 |       |       ||     2
       Bite              |     2 |     4 |     9 ||    15
       Punch             |       |       |     3 ||     3
 Fire: Hunting sling     |       |    15 |    20 ||    35
Throw: Javelin           |       |       |     4 ||     4
       Boomerang         |       |       |     3 ||     3
 Cast: Summon Small Mamm |    35 |     7 |    12 ||    54
       Call Imp          |     6 |    12 |    12 ||    30
       Call Canine Famil |       |    17 |    11 ||    28
       Summon Lightning  |       |     2 |     4 ||     6
       Frozen Ramparts   |       |       |     2 ||     2
  Use: Potion            |       |     8 |       ||     8
       Scroll            |       |     1 |     6 ||     7
 Stab: Invisible         |       |     1 |       ||     1
       Sleeping          |       |     1 |       ||     1
Armor: Robe              |    12 |     7 |     8 ||    27
       Skin              |       |    17 |       ||    17
Dodge: Dodged            |    50 |    54 |    34 ||   138

Table legend: (Time is in decaauts)
 A = Elapsed time spent in this place.
 B = Non-inter-level travel time spent in this place.
 C = Inter-level travel time spent in this place.
 D = Time resting spent in this place.
 E = Time spent auto-exploring this place.
 F = Levels seen in this place.
 G = Mean time per level.
                   A        B        C        D        E       F      G
               +--------+--------+--------+--------+--------+-----+--------+
         Total |   7060 |   6876 |    184 |   1872 |   3593 |   5 | 1412.0 |
       Dungeon |   7060 |   6876 |    184 |   1872 |   3593 |   5 | 1412.0 |
               +--------+--------+--------+--------+--------+-----+--------+

Top non-repeatable levels by time:
     D:1: 2015 daAuts
     D:4: 1894 daAuts
     D:3: 1399 daAuts
     D:2: 1028 daAuts
     D:5: 724 daAuts
